 Dungeon Crawl Stone Soup version 0.25.1-8-g42b30a86e7 (webtiles) character file.

Game seed: 14535607546334686903

105 C3l3ry the Covered (level 4, -2/29 HPs)
             Began as a Gargoyle Fighter on Dec 25, 2020.
             Killed from afar by an orc wizard (7 damage)
             ... with a magic dart
             ... on level 3 of the Dungeon.
             The game lasted 00:05:30 (2631 turns).

C3l3ry the Covered (Gargoyle Fighter)               Turns: 2631, Time: 00:05:30

Health: -2/29      AC: 10    Str: 20    XL:     4   Next: 81%
Magic:  4/4        EV:  7    Int:  9    God:
Gold:   200        SH:  9    Dex:  9    Spells: 3/3 levels left

rFire    . . .     SeeInvis .   a - +0 flail
rCold    . . .     Gourm    .   c - +0 kite shield
rNeg     + . .     Faith    .   b - +0 scale mail
rPois    ∞         Spirit   .   (no helmet)
rElec    +         Reflect  .   (no cloak)
rCorr    .         Harm     .   (no gloves)
MR       .....                  (no boots)
Stlth    ..........             (no amulet)
HPRegen  0.09/turn              (no ring)
MPRegen  0.09/turn              (no ring)

@: no status effects
A: negative energy resistance 1, electricity resistance, unbreathing,
petrification resistance, rot immunity, AC +3
a: no special abilities


You were on level 3 of the Dungeon.
You were not hungry.

You visited 1 branch of the dungeon, and saw 3 of its levels.

You collected 200 gold pieces.

Inventory:

Hand Weapons
 a - a +0 flail (weapon)
Armour
 b - a +0 scale mail (worn)
 c - a +0 kite shield (worn)
Scrolls
 e - 3 scrolls of blinking {unknown}
 h - 8 scrolls of identify {unknown}
 i - a scroll of teleportation {unknown}
 j - a scroll of random uselessness {unknown}
 k - a scroll of magic mapping {unknown}
 m - 2 scrolls of amnesia {unknown}
 p - a scroll of remove curse {unknown}
 r - a scroll of fear {unknown}
Potions
 d - a potion of might
 g - 2 potions of flight {unknown}
 n - a potion of lignification {unknown}
 o - a potion of stabbing {unknown}
 q - a potion of mutation {unknown}
Comestibles
 f - a ration
 l - 2 chunks of flesh


   Skills:
 + Level 4.0 Fighting
 + Level 2.9 Maces & Flails
 + Level 4.1 Armour
 + Level 4.1 Shields


You had 3 spell levels left.
You didn't know any spells.
Your spell library was empty.

Dungeon Overview and Level Annotations

Branches:
Dungeon (3/15)

Altars:


Innate Abilities, Weirdness & Mutations

You are resistant to torment.
Your stone body is resilient. (AC +3)
You are immune to poison.
You resist negative energy. (rN+)
You are resistant to electric shocks. (rElec)
You can survive without breathing.
You are immune to petrification.
You are immune to rotting.


Message History

An adder comes into view.
You block something's attack.
The orc hits the plant.
You closely miss something.
The adder hisses angrily.
Something hits you but does no damage.
The orc hits the plant but does no damage.
Something hits you but does no damage.
Something hits the plant but does no damage.
You see here a quokka corpse.
You hit the plant.
The plant is lightly damaged.
Something hits the plant but does no damage. x3
Something hits you but does no damage.
Something hits the plant.
Something hits the plant but does no damage.
Something bites the plant but does no damage.
Something hits the plant but does no damage.
A magic dart appears from out of thin air!
The magic dart hits you!
You die...

.....#.# #P♣P.P♣P.§##
#)##.# .....+.#
♣.♣P.♣.≈♣§.#######.##.#
.....###
♣♣.♣♣.♣.P♣........>##+#
###.##
♣♣.P♣♣♣♣♣...####......
#..#♣ ♣.♣.. ♣....# #......
##..♣♣♣ ♣♣P♣P♣♣♣.♣..#
#......
#..P.♣♣♣♣...P.P♣♣...#
#######
#..♣♣♣♣P♣♣♣♣♣♣...♣..#
#..♣.♣♣♣P♣.♣.@.P♣#..#
#...♣P..♣.P{♣...P##.#
##♣P♣♣♣P.†♣♣♣♣♣P#.#.#######
§♣♣♣..♣♣.P♣P.P##........#
#§§♣♣♣♣b.PPP♣s♣##........#
#♣♣.....o♣P..P.♣#.÷......#
♣.♣..P.P†.♣.P.♣.........#
♣♣♣♣♣..♣..♣♣.♣.........
P.....P♣P..........


There were no monsters in sight!

Vanquished Creatures
  2 adders
  2 dart slugs (D:3)
  A leopard gecko (D:3)
  An orc (D:3)
  5 bats
  2 giant cockroaches (D:3)
  12 goblins
  10 hobgoblins
  15 jackals
  3 quokkas (D:3)
  2 ball pythons
  4 frilled lizards
  3 kobolds
  8 rats
  A plant (D:1)
71 creatures vanquished.

Vanquished Creatures (others)
  A plant (D:3)
1 creature vanquished.

Grand Total: 72 creatures vanquished

Notes
Turn   | Place    | Note
-------+----------+-------------------------------------------
     0 | D:1      | C3l3ry the Gargoyle Fighter began the quest for the Orb.
     0 | D:1      | Reached XP level 1. HP: 14/14 MP: 1/1
    35 | D:1      | Reached XP level 2. HP: 18/19 MP: 2/2
   309 | D:1      | Reached XP level 3. HP: 23/23 MP: 3/3
  1633 | D:2      | Reached XP level 4. HP: 29/29 MP: 4/4
  2631 | D:3      | Killed from afar by an orc wizard

Illustrated notes

Levels and vault maps discovered:
D:1:      mrwooster_arrival_statue_2, layout_loops_ring, serial_forest,
          infiniplex_forest_3_way, infiniplex_forest_clump_curved,
          infiniplex_forest_diagonal, infiniplex_forest_lined_2,
          infiniplex_forest_end_1, infiniplex_forest_clump_long,
          infiniplex_forest_clump_curved, infiniplex_forest_straight_4
D:2:      layout_basic, nrook_loot_triangle, eino_tiny_chamber
D:3:      wad_woods_stonehenge, layout_basic,
          nicolae_gozag_cash_rules_everything_around_me, first_ration

Skill      XL: |  1  2  3  4 |
---------------+-------------+-----
Armour         | 4 |  4.1
Shields        | 4 |  4.1
Fighting       | 4 |  4.0
Maces & Flails | |  2.9

Action                   |  1- 3 |  4- 6 || total
-------------------------+-------+-------++-------
Melee: Flail             |   171 |   123 ||   294
  Eat: Chunk             |     3 |     3 ||     6
       Ration            |       |     1 ||     1
Armor: Scale mail        |   113 |    88 ||   201
Dodge: Dodged            |    61 |    43 ||   104
Block: Kite shield       |   120 |    78 ||   198
